3R
GERMANTOWN URUGUAYANS @ AMARILLO WARHEADS
06/25/2038
 
TOP OF THE 1ST
Germantown Uruguayans batting - Pitching for Amarillo Warheads : LHP Shigochiyo Tanaka
Pitching: LHP Shigochiyo Tanaka
Batting: RHB Jorge Gardella 0-0: Ball
1-0: Foul Ball, location: 2F
1-1: Fly out, F8 (Flyball, 78D, EV 103.8 MPH)
Batting: RHB Kiyoshi Aoki 0-0: Foul Ball, location: 2F
0-1: Hit by Pitch
Batting: RHB Harold Keightley 0-0: Called Strike
0-1: Swinging Strike
0-2: Ball
1-2: Ball
2-2: Fielders Choice at 2nd, 5-4 (Groundball, 5, EV 108.1 MPH)
Batting: RHB Byron Shadix 0-0: Called Strike
0-1: Ball
1-1: Ball
2-1: SINGLE (Groundball, 34D, EV 101.9 MPH)
Harold Keightley to second
Runner from 2nd tries for 3rd, SAFE, no throw by RF
Batting: RHB Lachlan Thurgood 0-0: Ball
1-0: Ball
2-0: Foul Ball, location: 2F
2-1: Fielders Choice at 2nd, 6-4 (Groundball, 6, EV 93.8 MPH)
Top of the 1st over - 0 runs, 1 hit, 0 errors, 2 left on base; Germantown 0 - Amarillo 0
BOTTOM OF THE 1ST
Amarillo Warheads batting - Pitching for Germantown Uruguayans : LHP Virgil Dickerson
Pitching: LHP Virgil Dickerson
Batting: RHB Gary Pueblo 0-0: Called Strike
0-1: Swinging Strike
0-2: Strikes out swinging, 2-3 out at first.
Batting: RHB Norihisa Kino 0-0: Swinging Strike
0-1: Fly out, F3 (Popup, 3SF, EV 79.4 MPH)
Batting: RHB António Hierro 0-0: Ball
1-0: Foul Ball, location: 2F
1-1: Ball
2-1: Foul Ball, location: 2F
2-2: Strikes out swinging
Bottom of the 1st over - 0 runs, 0 hits, 0 errors, 0 left on base; Germantown 0 - Amarillo 0
TOP OF THE 2ND
Germantown Uruguayans batting - Pitching for Amarillo Warheads : LHP Shigochiyo Tanaka
Batting: RHB Anthony McGee 0-0: Called Strike
0-1: Foul Ball, location: 2F
0-2: Ball
1-2: Ground out 5-3 (Groundball, 56, EV 93.1 MPH)
Batting: SHB Jerry Reece 0-0: Foul Ball, location: 2F
0-1: SINGLE (Groundball, 6MD, EV 98.1 MPH)
Batting: RHB Gonzalo Gómes 0-0: Called Strike
0-1: Ball
1-1: Foul Ball, location: 2F
1-2: Foul Ball, location: 2F
1-2: Foul Ball, location: 2F
1-2: Ball
2-2: Strikes out looking
Batting: RHB Harley Lambert 0-0: Foul Ball, location: 2F
0-1: Ball
1-1: Ball
2-1: SINGLE (Line Drive, 34D, EV 95.0 MPH)
Jerry Reece to second
Runner from 2nd tries for 3rd, SAFE, no throw by RF
Batting: RHB Jorge Gardella 0-0: Called Strike
0-1: Foul Ball, location: 2F
0-2: Ball
1-2: Ball
2-2: Foul Ball, location: 2F
2-2: Strikes out swinging
Top of the 2nd over - 0 runs, 2 hits, 0 errors, 2 left on base; Germantown 0 - Amarillo 0
BOTTOM OF THE 2ND
Amarillo Warheads batting - Pitching for Germantown Uruguayans : LHP Virgil Dickerson
Batting: RHB Joe Holmes 0-0: Called Strike
0-1: Ball
1-1: Foul Ball, location: 2F
1-2: Foul Ball, location: 2F
1-2: Ball
2-2: Ball
3-2: Foul Ball, location: 2F
3-2: Base on Balls
Batting: RHB John Crosby 0-0: Called Strike
0-1: Ball
1-1: Ball
2-1: Foul Ball, location: 2F
2-2: Strikes out swinging
Batting: RHB David Filmer 0-0: Foul Ball, location: 2F
0-1: Hit by Pitch
Joe Holmes to second
Batting: LHB Rick Crockett 0-0: Ball
1-0: Ball
2-0: Fly out, F9 (Flyball, 9LM, EV 91.9 MPH)
Runner from 2nd tags up, SAFE at 3rd, no throw by RF
Batting: RHB Jim McCourtney 0-0: Called Strike
0-1: DOUBLE (Flyball, 89D, EV 95.0 MPH)
Joe Holmes scores
David Filmer to third
Runner from 3rd tries for Home, SAFE, no throw by RF
Batting: RHB Curtis Tiger 0-0: Ball
1-0: Foul Ball, location: 2F
1-1: SINGLE (Groundball, 4MD, EV 99.4 MPH)
Jim McCourtney to third
Runner from 3rd tries for Home, throw by CF and OUT! 8-2
Bottom of the 2nd over - 2 runs, 2 hits, 0 errors, 1 left on base; Germantown 0 - Amarillo 2
TOP OF THE 3RD
Germantown Uruguayans batting - Pitching for Amarillo Warheads : LHP Shigochiyo Tanaka
Batting: RHB Kiyoshi Aoki 0-0: Called Strike
0-1: Ball
1-1: Swinging Strike
1-2: Ball
2-2: Foul Ball, location: 2F
2-2: Ball
3-2: Foul Ball, location: 2F
3-2: Fly out, F3 (Popup, 3SF, EV 83.8 MPH)
Batting: RHB Harold Keightley 0-0: Ball
1-0: Ball
2-0: SINGLE (Groundball, 56D, EV 98.8 MPH)
Batting: RHB Byron Shadix 0-0: Foul Ball, location: 2F
0-1: Swinging Strike
0-2: Ball
1-2: Strikes out swinging
Batting: RHB Lachlan Thurgood 0-0: Swinging Strike
0-1: Ball
1-1: Called Strike
1-2: Foul Ball, location: 2F
1-2: Ball
2-2: Ball
3-2: Strikes out swinging
Top of the 3rd over - 0 runs, 1 hit, 0 errors, 1 left on base; Germantown 0 - Amarillo 2
BOTTOM OF THE 3RD
Amarillo Warheads batting - Pitching for Germantown Uruguayans : LHP Virgil Dickerson
Batting: RHB Gary Pueblo 0-0: Called Strike
0-1: Ball
1-1: Called Strike
1-2: Strikes out swinging
Batting: RHB Norihisa Kino 0-0: Foul Ball, location: 2F
0-1: Fly out, F3 (Line Drive, 4, EV 75.0 MPH)
Batting: RHB António Hierro 0-0: Ground out 6-3 (Groundball, 6, EV 84.4 MPH)
Bottom of the 3rd over - 0 runs, 0 hits, 0 errors, 0 left on base; Germantown 0 - Amarillo 2
TOP OF THE 4TH
Germantown Uruguayans batting - Pitching for Amarillo Warheads : LHP Shigochiyo Tanaka
Batting: RHB Anthony McGee 0-0: Ball
1-0: Ball
2-0: Ball
3-0: Base on Balls
Batting: SHB Jerry Reece 0-0: Called Strike
0-1: Ball
1-1: Ball
2-1: Ball
3-1: Called Strike
3-2: Base on Balls
Anthony McGee to second
Batting: RHB Gonzalo Gómes 0-0: Called Strike
0-1: Swinging Strike
0-2: Ball
1-2: Strikes out swinging
Batting: RHB Harley Lambert 0-0: Foul Ball, location: 2F
0-1: Ball
1-1: Foul Ball, location: 2F
1-2: Fly out, F9 (Line Drive, 9, EV 88.8 MPH)
Batting: RHB Jorge Gardella 0-0: Called Strike
0-1: Called Strike
0-2: Strikes out looking
Top of the 4th over - 0 runs, 0 hits, 0 errors, 2 left on base; Germantown 0 - Amarillo 2
BOTTOM OF THE 4TH
Amarillo Warheads batting - Pitching for Germantown Uruguayans : LHP Virgil Dickerson
Batting: RHB Joe Holmes 0-0: Called Strike
0-1: Swinging Strike
0-2: Ball
1-2: Ball
2-2: Fly out, F8 (Flyball, 78M, EV 93.1 MPH)
Batting: RHB John Crosby 0-0: Ball
1-0: Called Strike
1-1: Called Strike
1-2: Ball
2-2: Fly out, F7 (Flyball, 78M, EV 83.1 MPH)
Batting: RHB David Filmer 0-0: Ground out 2-3 (Groundball, 13S, EV 65.0 MPH)
Bottom of the 4th over - 0 runs, 0 hits, 0 errors, 0 left on base; Germantown 0 - Amarillo 2
TOP OF THE 5TH
Germantown Uruguayans batting - Pitching for Amarillo Warheads : LHP Shigochiyo Tanaka
Pitching: RHP Jhon Aimar
Batting: RHB Kiyoshi Aoki 0-0: Called Strike
0-1: Swinging Strike
0-2: Strikes out looking
Batting: RHB Harold Keightley 0-0: Swinging Strike
0-1: Ball
1-1: Swinging Strike
1-2: Strikes out swinging
Batting: RHB Byron Shadix 0-0: Ball
1-0: Ball
2-0: Called Strike
2-1: Called Strike
2-2: Ball
3-2: Base on Balls
Batting: RHB Lachlan Thurgood 0-0: Ball
1-0: Ball
2-0: Called Strike
2-1: Swinging Strike
2-2: Strikes out swinging
Top of the 5th over - 0 runs, 0 hits, 0 errors, 1 left on base; Germantown 0 - Amarillo 2
BOTTOM OF THE 5TH
Amarillo Warheads batting - Pitching for Germantown Uruguayans : LHP Virgil Dickerson
Batting: LHB Rick Crockett 0-0: Swinging Strike
0-1: Ball
1-1: Foul Ball, location: 2F
1-2: Strikes out swinging
Batting: RHB Jim McCourtney 0-0: Called Strike
0-1: Fly out, F8 (Flyball, 8LD, EV 89.4 MPH)
Batting: RHB Curtis Tiger 0-0: Ground out 1-3 (Groundball, 13S, EV 70.0 MPH)
Bottom of the 5th over - 0 runs, 0 hits, 0 errors, 0 left on base; Germantown 0 - Amarillo 2
TOP OF THE 6TH
Germantown Uruguayans batting - Pitching for Amarillo Warheads : RHP Jhon Aimar
Batting: RHB Anthony McGee 0-0: Ball
1-0: Ball
2-0: Fly out, F9 (Flyball, 9LM, EV 83.8 MPH)
Batting: SHB Jerry Reece 0-0: Ball
1-0: Ball
2-0: Swinging Strike
2-1: Ball
3-1: Base on Balls
Batting: RHB Gonzalo Gómes 0-0: Called Strike
0-1: Foul Ball, location: 2F
0-2: Foul Ball, location: 2F
0-2: Strikes out swinging
Batting: RHB Harley Lambert 0-0: Called Strike
0-1: Ball
1-1: Swinging Strike
1-2: Foul Ball, location: 2F
1-2: Ball
2-2: Strikes out swinging
Top of the 6th over - 0 runs, 0 hits, 0 errors, 1 left on base; Germantown 0 - Amarillo 2
BOTTOM OF THE 6TH
Amarillo Warheads batting - Pitching for Germantown Uruguayans : LHP Virgil Dickerson
Batting: RHB Gary Pueblo 0-0: Ball
1-0: Ball
2-0: Called Strike
2-1: Foul Ball, location: 2F
2-2: Strikes out swinging
Batting: RHB Norihisa Kino 0-0: Ball
1-0: Called Strike
1-1: Foul Ball, location: 2F
1-2: Ball
2-2: Ball
3-2: Foul Ball, location: 2F
3-2: Fly out, F7 (Flyball, 7S, EV 88.8 MPH)
Batting: RHB António Hierro 0-0: Foul Ball, location: 2F
0-1: Foul Ball, location: 2F
0-2: Ball
1-2: Ground out 6-3 (Groundball, 56, EV 95.6 MPH)
Bottom of the 6th over - 0 runs, 0 hits, 0 errors, 0 left on base; Germantown 0 - Amarillo 2
TOP OF THE 7TH
Germantown Uruguayans batting - Pitching for Amarillo Warheads : RHP Jhon Aimar
Batting: RHB Jorge Gardella 0-0: Ground out 5-3 (Groundball, 56S, EV 78.8 MPH)
Batting: RHB Kiyoshi Aoki 0-0: Fly out, F4 (Popup, 4, EV 75.0 MPH)
Batting: RHB Harold Keightley 0-0: Ball
1-0: Foul Ball, location: 2F
1-1: Swinging Strike
1-2: Strikes out swinging
Top of the 7th over - 0 runs, 0 hits, 0 errors, 0 left on base; Germantown 0 - Amarillo 2
BOTTOM OF THE 7TH
Amarillo Warheads batting - Pitching for Germantown Uruguayans : LHP Virgil Dickerson
Batting: RHB Joe Holmes 0-0: Called Strike
0-1: Foul Ball, location: 2F
0-2: Foul Ball, location: 2F
0-2: Foul Ball, location: 2F
0-2: Strikes out swinging
Batting: RHB John Crosby 0-0: Ball
1-0: Ground out 5-3 (Groundball, 5, EV 90.6 MPH)
Batting: RHB David Filmer 0-0: Foul Ball, location: 2F
0-1: Fly out, F8 (Flyball, 8LM, EV 81.9 MPH)
Bottom of the 7th over - 0 runs, 0 hits, 0 errors, 0 left on base; Germantown 0 - Amarillo 2
TOP OF THE 8TH
Germantown Uruguayans batting - Pitching for Amarillo Warheads : RHP Jhon Aimar
Batting: RHB Byron Shadix 0-0: Called Strike
0-1: Ball
1-1: Ball
2-1: Called Strike
2-2: Foul Ball, location: 2F
2-2: Ball
3-2: Foul Ball, location: 2F
3-2: Foul Ball, location: 2F
3-2: Foul Ball, location: 2F
3-2: Base on Balls
Pitching: RHP Ryan Robertson
Batting: RHB Lachlan Thurgood 0-0: Called Strike
0-1: Foul Ball, location: 2F
0-2: Ball
1-2: Strikes out looking
Batting: RHB Anthony McGee 0-0: Swinging Strike
0-1: Swinging Strike
0-2: Ball
1-2: Strikes out swinging
Batting: SHB Jerry Reece 0-0: Called Strike
0-1: Called Strike
0-2: Strikes out swinging
Top of the 8th over - 0 runs, 0 hits, 0 errors, 1 left on base; Germantown 0 - Amarillo 2
BOTTOM OF THE 8TH
Amarillo Warheads batting - Pitching for Germantown Uruguayans : LHP Virgil Dickerson
Batting: LHB Rick Crockett 0-0: Called Strike
0-1: Foul Ball, location: 2F
0-2: Ball
1-2: Strikes out swinging
Batting: RHB Jim McCourtney 0-0: Fly out, F8 (Line Drive, 8LD, EV 86.9 MPH)
Batting: RHB Curtis Tiger 0-0: Foul Ball, location: 2F
0-1: Swinging Strike
0-2: Strikes out swinging
Bottom of the 8th over - 0 runs, 0 hits, 0 errors, 0 left on base; Germantown 0 - Amarillo 2
TOP OF THE 9TH
Germantown Uruguayans batting - Pitching for Amarillo Warheads : RHP Ryan Robertson
Batting: RHB Gonzalo Gómes 0-0: Called Strike
0-1: Ball
1-1: Ball
2-1: Foul Ball, location: 2F
2-2: Ball
3-2: Foul Ball, location: 2F
3-2: Strikes out looking
Batting: RHB Harley Lambert 0-0: Ball
1-0: Ball
2-0: Called Strike
2-1: Ball
3-1: SOLO HOME RUN (Flyball, 7D, EV 103.8 MPH), Distance : 361 ft
Pinch Hitting: RHB Miguel Avilés 0-0: Ball
1-0: Foul Ball, location: 2F
1-1: Called Strike
1-2: Ball
2-2: Ground out 1-3 (Groundball, 15, EV 81.9 MPH)
Batting: RHB Kiyoshi Aoki 0-0: SINGLE (Groundball, 34D, EV 96.9 MPH)
Batting: RHB Harold Keightley 0-0: Ball
1-0: Foul Ball, location: 2F
1-1: Ball
2-1: Ball
3-1: Called Strike
3-2: Strikes out looking
Top of the 9th over - 1 run, 2 hits, 0 errors, 1 left on base; Germantown 1 - Amarillo 2
Friday, April 17th, 2020 - OOTP Baseball 20.8 Build 74